 Dungeon Sprint DCSS version 0.16-a0-3761-g2321f2b (console) character file.

508 Monkaria the Grappler (level 6, -1/67 HPs)
             Began as a Troll Fighter on Jan 24, 2015.
             Killed by triggering a blade trap (48 damage)
             ... in the Dungeon (Sprint I: "Red Sonja").
             The game lasted 00:01:28 (254 turns).

Monkaria the Grappler (Troll Fighter)                Turns: 254, Time: 00:01:28

Health: -1/67      AC:  5    Str: 27    XL:     6   Next: 98%
Magic:  3/3        EV:  7    Int:  4    God:
Gold:   222        SH:  9    Dex:  9    Spells: 0 memorised, 5 levels left

rFire  . . .     SeeInvis .       - Unarmed
rCold  . . .     Clarity  .     b - +0 robe
rNeg   . . .     SustAb   .     c - +0 shield
rPois  .         Gourm    +     (helmet restricted)
rElec  .         Spirit   .     (no cloak)
rCorr  .         Warding  .     (gloves unavailable)
rMut   .         NoTele   +     (boots unavailable)
MR     .....                    (no amulet)
Stlth  +.........               (no ring)
                                (no ring)

@: not resistant to hostile enchantments, very unstealthy
A: unfitting armour, claws 3, fast metabolism 3, gourmand, regeneration 2,
shaggy fur 1, tough skin 2
a: no special abilities


You were in the Dungeon.
You were not hungry.

You visited 1 branch You collected 306 gold pieces.
You spent 84 gold pieces at shops.

Inventory:

Armour
 b - a +0 robe (worn)
 c - a +0 shield (worn)
Scrolls
 j - a scroll of blinking
Potions
 d - 2 potions of curing
 e - 2 potions of might
 f - a potion of heal wounds
 g - a potion of haste
 h - 2 potions of magic
 i - a potion of berserk rage
 k - a potion of agility {unknown}
Comestibles
 a - 2 meat rations
 l - a slice of pizza


   Skills:
 + Level 6.0 Fighting
 - Level 2.4 Armour
 - Level 2.4 Shields
 - Level 13.1 Unarmed Combat


You had 5 spell levels left.
You didn't know any spells.

Dungeon Overview and Level Annotations

Branches:
Dungeon (1/1)

Altars:
Cheibriados
Dithmenos
Elyvilon
Fedhas
Gozag
Kikubaaqudgha
Makhleb
Nemelex Xobeh
Okawaru
Qazlal
Ru
Sif Muna
Trog
Vehumet
Xom
Yredelemnul
Zin
The Shining One
Jiyva

Shops:
D !


Innate Abilities, Weirdness & Mutations

You are too large for most types of armour.
You have claws for hands.
Your metabolism is lightning-fast.
You like to eat raw meat.
You heal very quickly.
You are covered in fur (AC +1).
You have very tough skin (AC +2).


Message History

The slime creature is heavily wounded.
The slime creature hits you!
You completely miss the slime creature.
The slime creature is heavily wounded.
The slime creature completely misses you.
There is an open door here.
You claw the slime creature!
The slime creature is severely wounded.
You block the slime creature's attack.
You claw the slime creature!
The slime creature is almost dead.
The slime creature hits you.
You claw the slime creature!
You kill the slime creature!
Your Fighting skill gained 4 levels and is now at level 6!
There is an open door here.
There is an open door here.
A huge blade swings out and slices into you!
Ouch! That really hurt!
You die...

###################
#<.#..)..#..'..#__#
#..').#..').#..'@.+
#..#####'#####'#__#
#..####..#...#)####
#..#__####..##.#
#..#_..__##'#..+
#⌠⌠#_.∩...'..._#
####_..._##_.#'#
#_____###+#.#
####### ###


There were no monsters in sight!

Vanquished Creatures
  A slime creature (D)
  A yak (D)
  An ogre (D)
  Sigmund (D)
  A jelly (D)
  Ijyb (D)
6 creatures vanquished.

Notes
Turn   | Place    | Note
--------------------------------------------------------------
     0 | D        | Monkaria, the Troll Fighter, began the quest for the Orb.
     0 | D        | Reached XP level 1. HP: 22/22 MP: 1/1
     2 | D        | Noticed Ijyb
    19 | D        | Killed Ijyb
    19 | D        | Reached skill level 5 in Unarmed Combat
    19 | D        | Reached XP level 2. HP: 19/29 MP: 1/1
    42 | D        | Noticed an ogre
    48 | D        | Killed an ogre
    48 | D        | Reached skill level 9 in Unarmed Combat
    48 | D        | Reached XP level 3. HP: 7/36 MP: 2/2
    48 | D        | Reached XP level 4. HP: 8/44 MP: 2/2
   114 | D        | Noticed Sigmund
   119 | D        | Killed Sigmund
   119 | D        | Reached skill level 10 in Unarmed Combat
   119 | D        | Reached XP level 5. HP: 34/50 MP: 2/2
   168 | D        | Found a deep blue altar of Sif Muna.
   169 | D        | Noticed a jelly
   170 | D        | Found a radiant altar of Vehumet.
   173 | D        | Killed a jelly
   173 | D        | Reached skill level 11 in Unarmed Combat
   196 | D        | Found Xyafi's Distillery.
   196 | D        | Found a white marble altar of Elyvilon.
   196 | D        | Found a stormy altar of Qazlal.
   196 | D        | Found a burning altar of Makhleb.
   196 | D        | Found a sacrificial altar of Ru.
   196 | D        | Found a basalt altar of Yredelemnul.
   196 | D        | Found a glowing golden altar of the Shining One.
   196 | D        | Found a sparkling altar of Nemelex Xobeh.
   196 | D        | Found a shimmering altar of Xom.
   196 | D        | Found an opulent altar of Gozag.
   196 | D        | Found an ancient bone altar of Kikubaaqudgha.
   196 | D        | Found a glowing silver altar of Zin.
   196 | D        | Noticed a yak
   200 | D        | Killed a yak
   200 | D        | Reached skill level 13 in Unarmed Combat
   200 | D        | Reached XP level 6. HP: 38/59 MP: 3/3
   201 | D        | Found an iron altar of Okawaru.
   202 | D        | Found a bloodstained altar of Trog.
   206 | D        | Bought a potion of might for 48 gold pieces
   206 | D        | Bought a potion of curing for 36 gold pieces
   236 | D        | Found a viscous altar of Jiyva.
   236 | D        | Found a blossoming altar of Fedhas.
   236 | D        | Noticed a slime creature
   237 | D        | Found a snail-covered altar of Cheibriados.
   237 | D        | Found a shadowy altar of Dithmenos.
   249 | D        | Killed a slime creature
   254 | D        | Killed by triggering a blade trap

Action                   |  1- 3 |  4- 6 || total
-------------------------+-------+-------++-------
Melee: Unarmed           |    23 |    15 ||    38
